 Dungeon Crawl Stone Soup version 0.30-a0-722-g3e6e8c874d (webtiles) character file.

Game seed: 8236302430969386244

2728 Newt the Grappler (level 9, -3/65 HPs)
             Began as a Demonspawn Gladiator on Jan 27, 2023.
             Was a Follower of Okawaru.
             Slain by a death yak (12 damage)
             ... on level 8 of the Dungeon.
             The game lasted 00:06:51 (6609 turns).

Newt the Grappler (Demonspawn Gladiator)            Turns: 6609, Time: 00:06:52

Health: -3/65      AC: 14    Str: 19    XL:     9   Next: 40%
Magic:  0/18       EV: 12    Int: 10    God:    Okawaru [*.....]
Gold:   557        SH:  0    Dex: 14    Spells: 8/8 levels left

rFire   . . .      SeeInvis .    d - +2 flail (protect)
rCold   . . .      Faith    .    (no shield)
rNeg    . . .      Spirit   +    b - +0 leather armour
rPois   +          Reflect  .    c - +1 helmet
rElec   .          Harm     +    C - scarf {harm}
rCorr   .          Rampage  .    (gloves unavailable)
Will    .....                    (no boots)
Stlth   ++                       g - amulet of guardian spirit
HPRegen 0.30/turn                E - ring of magical power
MPRegen 0.16/turn                v - ring of poison resistance

@: under a protective aura
A: claws 3, ignite blood 1, sharp scales 2
a: Renounce Religion, Heroism


You were on level 8 of the Dungeon.
You worshipped Okawaru.
Okawaru was aware of your devotion.
You visited 2 branches of the dungeon, and saw 9 of its levels.

You collected 817 gold pieces.
You spent 260 gold pieces at shops.

Inventory:

Hand Weapons
 a - a +0 rapier
 d - a +2 flail of protection (weapon)
 l - a +0 whip of flaming
Missiles
 y - a javelin (quivered)
 G - 3 poisoned darts
Armour
 b - a +0 leather armour (worn)
 c - a +1 helmet (worn)
 C - a scarf of harm (worn)
Jewellery
 g - an amulet of guardian spirit (around neck)
 h - an amulet of the acrobat
 v - a ring of poison resistance (right claw)
 E - a ring of magical power (left claw)
Wands
 u - a wand of charming (5)
 D - a wand of quicksilver (6)
Scrolls
 e - a scroll of magic mapping {unknown}
 f - 3 scrolls of teleportation
 n - 2 scrolls of enchant armour
 q - a scroll of enchant weapon {unknown}
 w - a scroll of fear
 z - a scroll of immolation {unknown}
 A - a scroll of amnesia {unknown}
 B - a scroll of vulnerability {unknown}
Potions
 i - a potion of ambrosia
 j - a potion of haste
 m - 3 potions of curing
 o - 2 potions of flight
 p - a potion of magic
 r - 3 potions of might
 s - 2 potions of berserk rage
 t - a potion of cancellation
 x - a potion of lignification
 F - a potion of attraction {unknown}


   Skills:
 - Level 4.0 Fighting
 - Level 2.6 Short Blades
 - Level 6.0 Maces & Flails
 - Level 5.0 Throwing
 - Level 2.6 Dodging
 - Level 2.0 Stealth
 + Level 8.0 Unarmed Combat


You had 8 spell levels left.
You didn't know any spells.
Your spell library contained the following spells:

 Spells                   Type           Power      Damage    Failure   Level
 Magic Dart               Conj           0%         1d3       41%         1
 Necrotise                Necr           0%         1d4       41%         1
 Blink                    Tloc           0%         N/A       56%         2
 Searing Ray              Conj           0%         2d4       56%         2
 Sublimation of Blood     Necr           0%         N/A       56%         2
 Vampiric Draining        Necr           0%         2d6       80%         3
 Fulminant Prism          Conj/Hex       0%         3d5       99%         4
 Manifold Assault         Tloc           0%         N/A       99%         4
 Petrify                  Tmut/Erth      0%         N/A       99%         4
 Agony                    Necr           0%         N/A       100%        5
 Irradiate                Conj/Tmut      0%         3d11      100%        5
 Storm Form               Tmut/Air       0%         N/A       100%        7


Dungeon Overview and Level Annotations

Branches:
Dungeon (8/15)             Temple (1/1) D:7
   Lair: D:8-11

Altars:
Ashenzari
Cheibriados
Dithmenos
Fedhas
Hepliaklqana
Makhleb
Nemelex Xobeh
Okawaru
Qazlal
Ru
Sif Muna
Trog
Uskayaw
Vehumet
Yredelemnul

Shops:
D:4 !   D:5 [


Innate Abilities, Weirdness & Mutations

You have claws for hands.
Your demonic aura sometimes causes spilled blood to erupt in flames.
You are mostly covered in razor-sharp scales. (AC +2, Slay +2)


Message History

The orc shouts!
You catch the helpless death yak completely off-guard!
You hit the death yak but do no damage.
The death yak is moderately wounded.
The death yak struggles against the net.
You strike the helpless death yak from behind!
You hit the death yak but do no damage.
You claw the death yak, but do no damage.
The death yak is moderately wounded.
The death yak struggles against the net.
You hit the death yak but do no damage.
The death yak is moderately wounded.
The death yak struggles against the net.
The orc wizard casts a spell.
The orc wizard flickers and vanishes!
Deactivating autopickup; reactivate with Ctrl-A.
The bullfrog swells and bulges.
A hell rat comes into view.
The death yak struggles against the net.
The hell rat roars deafeningly!
You completely miss the death yak.
The death yak is moderately wounded.
The death yak looks more healthy.
An orc comes into view. It is wielding a +0 short sword.
The death yak struggles against the net.
The net rips apart, and the death yak comes free!
The orc shouts!
You hit the death yak but do no damage.
The death yak is moderately wounded.
The death yak gores you!
* * * LOW HITPOINT WARNING * * *
The death yak attacks as you move away! The death yak gores you!
* * * LOW HITPOINT WARNING * * *
The death yak is engulfed in blazing flames.
The death yak snorts and paws the ground.
You thump the death yak!
The death yak is heavily wounded.
The death yak is engulfed in blazing flames.
The death yak gores you!
You die...

.....#. ..####
......o##......
......r#.......
..F....(.......
.##...o.r..#
............r.#
#...#.#######.#
##...#.#######.#
...........@YY.#
...#<.######..# # #..#..#
#..# ###.###.....# #..#
.......<....######..######
.##.......................
#.####..#######.########
.##.####..# #.#
..........# #.#


You could see 2 death yaks.

Vanquished Creatures
  A death yak (D:8)
  Pikel (D:7)
  Prince Ribbit (D:7)
  Edmund (D:6)
  2 sky beasts (D:7)
  An ice beast (D:7)
  2 black bears (D:7)
  2 phantoms
  A kobold brigand (D:7)
  3 scorpions
  5 jellies
  A gnoll bouda (D:7)
  2 hounds (D:6)
  2 iguanas
  An orc wizard (D:5)
  7 adders
  10 gnolls
  2 shadow imps
  4 white imps
  An ufetubus (D:6)
  A worm (D:2)
  A dart slug (D:1)
  11 orcs
  5 ball pythons
  10 endoplasms
  3 giant cockroaches
  4 goblins
  11 hobgoblins
  9 kobolds
  2 quokkas
  5 bats
  3 frilled lizards (D:2)
  6 rats
121 creatures vanquished.

Vanquished Creatures (others)
  6 plants (D:1)
6 creatures vanquished.

Grand Total: 127 creatures vanquished

Notes
Turn   | Place    | Note
-------+----------+-------------------------------------------
     0 | D:1      | Newt the Demonspawn Gladiator began the quest for the Orb.
     0 | D:1      | Reached XP level 1. HP: 16/16 MP: 1/1
    82 | D:1      | Reached skill level 1 in Stealth
   145 | D:1      | Gained mutation: Your demonic aura sometimes causes spilled
                  | blood to erupt in flames. [demonic ancestry]
   145 | D:1      | Reached XP level 2. HP: 22/22 MP: 2/2
   331 | D:1      | Gained mutation: You are partially covered in razor-sharp
                  | scales. (AC +1, Slay +1) [demonic ancestry]
   331 | D:1      | Reached XP level 3. HP: 5/28 MP: 0/3
  1233 | D:2      | Gained mutation: You are mostly covered in razor-sharp
                  | scales. (AC +2, Slay +2) [demonic ancestry]
  1233 | D:2      | Reached XP level 4. HP: 29/37 MP: 4/4
  2089 | D:3      | Reached XP level 5. HP: 16/42 MP: 3/5
  2551 | D:4      | Identified a scroll of acquirement
  2551 | D:4      | Acquired 357 gold pieces
  2812 | D:4      | Gained mutation: You have sharp fingernails. [demonic
                  | ancestry]
  2812 | D:4      | Reached XP level 6. HP: 47/48 MP: 6/6
  2983 | D:4      | Identified the +1 robe of Zayptili {*Slow rC+ Int+3}
  2989 | D:4      | Found a sacrificial altar of Ru.
  3093 | D:4      | Identified the +4 hand axe "Uhisar" {venom, Int+2}
  3189 | D:4      | Found Aqorol's Distillery.
  3195 | D:4      | Bought a potion of heal wounds for 50 gold pieces
  3195 | D:4      | Bought 2 potions of might for 80 gold pieces
  3195 | D:4      | Bought a potion of berserk rage for 50 gold pieces
  3195 | D:4      | Bought a potion of cancellation for 80 gold pieces
  3462 | D:5      | Entered Level 5 of the Dungeon
  3779 | D:5      | HP: 1/48 [acid (6)]
  3910 | D:5      | Reached skill level 5 in Throwing
  3981 | D:5      | Reached skill level 1 in Maces & Flails
  4021 | D:5      | Gained mutation: You have very sharp fingernails. [demonic
                  | ancestry]
  4021 | D:5      | Reached XP level 7. HP: 54/54 MP: 7/7
  4097 | D:5      | Found a snail-covered altar of Cheibriados.
  4101 | D:5      | Found a shimmering blue altar of Sif Muna.
  4105 | D:5      | Found a basalt altar of Yredelemnul.
  4338 | D:5      | Found Ymooss's Antique Armour Emporium.
  4513 | D:6      | Noticed Edmund
  4523 | D:6      | Killed Edmund
  4756 | D:6      | Reached skill level 5 in Maces & Flails
  5075 | D:7      | Gained mutation: You have claws for hands. [demonic
                  | ancestry]
  5075 | D:7      | Reached XP level 8. HP: 60/60 MP: 8/8
  5091 | D:7      | Reached skill level 1 in Unarmed Combat
  5094 | D:7      | Reached skill level 2 in Unarmed Combat
  5220 | D:7      | Found a bloodstained altar of Trog.
  5428 | D:7      | Found a shadowy altar of Dithmenos.
  5451 | D:7      | Noticed Pikel
  5685 | D:7      | Noticed Prince Ribbit
  5698 | D:7      | Killed Prince Ribbit
  5699 | D:7      | Reached skill level 3 in Unarmed Combat
  5830 | D:7      | Reached skill level 4 in Unarmed Combat
  5950 | D:7      | Killed Pikel
  5951 | D:7      | Reached skill level 6 in Unarmed Combat
  5951 | D:7      | Reached XP level 9. HP: 65/65 MP: 9/9
  6008 | D:7      | Found a staircase to the Ecumenical Temple.
  6054 | Temple   | Entered the Ecumenical Temple
  6148 | Temple   | Became a worshipper of Warmaster Okawaru
  6583 | D:8      | Noticed a death yak
  6584 | D:8      | Noticed a death yak
  6591 | D:8      | Noticed a death yak
  6594 | D:8      | Killed a death yak
  6594 | D:8      | Reached * piety under Okawaru
  6595 | D:8      | Reached skill level 8 in Unarmed Combat
  6609 | D:8      | Slain by a death yak

Illustrated notes

Levels and vault maps discovered:
D:1:      spicycebolla_arrival_xxxplode, layout_rooms, serial_bayou,
          serial_bayou_pond_d, serial_bayou_pond_e, serial_bayou_lake_a,
          serial_bayou_pond_d, serial_bayou_lagoon_a
D:2:      layout_basic, kennysheep_nondescript
D:3:      layout_basic, tso_oasis_becter
D:4:      layout_loops_ring, nicolae_ru_path_of_blood, serial_shops, shop
D:5:      layout_loops_ring, minmay_overflow_temple_star_quad, serial_shops,
          nicolae_lakefront_shop
D:6:      layout_basic, mainiacjoe_overflow_small_starburst, uniq_edmund
D:7:      layout_basic, trog_three_pillars_becter,
          nicolae_overflow_crystal_walls, minmay_temple_entry_wispy,
          uniq_prince_ribbit1, uniq_pikel
D:8:      layout_basic, mainiacjoe_overflow_tiny_flanked, dpeg_lair_monsters,
          roderic_lattice_a, uniq_maggie
Temple:   compressed_dpeg_circular_temple

Skill      XL: |  1  2  3  4  5  6  7  8  9 |
---------------+----------------------------+-----
Stealth        | 1 2 |  2.0
Fighting       | 3 4 |  4.0
Throwing       | 2 4 5 |  5.0
Maces & Flails | 2 5 6 |  6.0
Unarmed Combat | 6 8 |  8.0
Short Blades   | |  2.6
Dodging        | |  2.6

Action                     |  1- 3 |  4- 6 |  7- 9 || total
---------------------------+-------+-------+-------++-------
  Melee: Rapier            |   132 |     9 |       ||   141
         Flail             |       |   146 |   165 ||   311
         Punch             |       |     2 |     3 ||     5
  Throw: Throwing net      |     3 |     1 |     1 ||     5
         Javelin           |       |     1 |       ||     1
         Dart              |       |       |     3 ||     3
    Use: Scroll            |     3 |     5 |     4 ||    12
         Potion            |       |     1 |     3 ||     4
   Stab: Sleeping          |     2 |     2 |     3 ||     7
         Held in net/web   |       |     2 |     2 ||     4
 Armour: Leather armour    |    42 |    89 |    79 ||   210
  Dodge: Dodged            |    77 |   113 |    95 ||   285

Table legend: (Time is in decaauts)
 A = Elapsed time spent in this place.
 B = Non-inter-level travel time spent in this place.
 C = Inter-level travel time spent in this place.
 D = Time resting spent in this place.
 E = Time spent auto-exploring this place.
 F = Levels seen in this place.
 G = Mean time per level.
                   A        B        C        D        E       F      G
               +--------+--------+--------+--------+--------+-----+--------+
         Total |   6719 |   6502 |    217 |    670 |   4730 |   9 |  746.6 |
       Dungeon |   6597 |   6408 |    189 |    670 |   4648 |   8 |  824.6 |
        Temple |    121 |     94 |     27 |      0 |     82 |   1 |  121.0 |
               +--------+--------+--------+--------+--------+-----+--------+

Top non-repeatable levels by time:
     D:7: 1380 daAuts
     D:4: 974 daAuts
     D:2: 946 daAuts
     D:1: 942 daAuts
     D:5: 939 daAuts
     D:6: 682 daAuts
     D:3: 670 daAuts
  Temple: 121 daAuts
     D:8: 61 daAuts
